AoeStats
← 8

Black Forest

509509796Analyzed
4v4 RM · 6d ago on Sep 27, 2026· 53m 13s· 8 players
Game mode
Random Map
Map size
Large (8 player)
Population
200
Speed
Normal
Resources
Standard
Victory
Conquest
Starting age
Dark Age
Ending age
Imperial Age
RankedLock teamsTeams togetherTeam positionsShared explorationLock speedFull tech treeHidden civsTurbo modeCheats
Victory
Defeat
🇺🇸 Teutons · United States
1216
+13
🇵🇰 Huns · Pakistan
1151
+15
🇦🇷 Danes · Argentina
1135
+16
🇫🇷 Aztecs · France
1100
+17
🇳🇿 Saracens · New Zealand
1216
-18
🇮🇳 Persians · India
1160
-16
🇺🇸 Dravidians · United States
1130
-15
🇺🇸 Teutons · United States
1040
-12
LArcadia49
0:37 Loom
13:08 Feudal Age
18:40 Castle Age
17:02 Fishing Lines
17:19 Double-Bit Axe
20:11 Bow Saw
20:15 Horse Collar
22:24 Gillnets
23:19 Fletching
25:02 Wheelbarrow
24:56 Town Watch
25:47 Gold Mining
26:23 Forging
27:41 Scale Mail Armor
28:17 Iron Casting
27:47 Bodkin Arrow
33:30 Imperial Age
33:32 Pikeman
34:12 Squires
34:00 Arson
34:58 Eagle Warrior
35:59 Chain Mail Armor
36:44 Blast Furnace
36:24 Ballistics
37:04 Chemistry
37:43 Plate Mail Armor
37:47 Padded Archer Armor
37:47 Bracer
37:55 Elite Skirmisher
37:55 Crossbowman
43:09 Leather Archer Armor
52:11 Hand Cart
53:25 Heavy Plow
53:27 Town Patrol
damiansima
13:37 Feudal Age
11:54 Loom
17:26 Castle Age
15:13 Double-Bit Axe
19:15 Wheelbarrow
18:26 Loom
22:24 Town Watch
29:20 Scale Mail Armor
29:30 Forging
32:10 Imperial Age
30:01 Hand Cart
29:51 Town Patrol
29:43 Fletching
30:42 Chain Mail Armor
32:19 Iron Casting
31:47 Arson
31:24 Pikeman
32:05 Squires
31:51 Gambesons
32:17 Squires
32:03 Gambesons
32:15 Bodkin Arrow
34:17 Chemistry
33:11 Onager
34:14 Ballistics
33:45 Guard Tower
34:05 Masonry
35:03 Plate Mail Armor
35:34 Blast Furnace
34:09 Elite Varangian Guard
36:35 Conscription
36:17 Bracer
36:02 Pikeman
36:40 Halberdier
37:11 Siege Onager
38:53 Elite Jomsviking
40:09 Hoardings
40:23 Hamask
41:27 Scale Barding Armor
40:51 Heavy Scorpion
41:34 Padded Archer Armor
42:17 Siege Engineers
42:43 Northmen's Fury
44:19 Bow Saw
44:02 Gold Mining
44:03 Stone Mining
47:39 Chain Barding Armor
50:02 Plate Barding Armor
49:19 Heated Shot
49:25 Murder Holes
49:38 Capped Ram
51:41 Horse Collar
52:37 Gold Shaft Mining
52:38 Stone Shaft Mining
Pdude869
4:59 Loom
9:57 Feudal Age
10:27 Man-at-Arms
11:19 Horse Collar
12:13 Arson
16:24 Double-Bit Axe
18:58 Scale Mail Armor
24:00 Castle Age
22:43 Forging
22:32 Fletching
24:49 Bodkin Arrow
24:22 Long Swordsman
24:37 Elite Skirmisher
25:53 Chain Mail Armor
26:09 Gambesons
26:25 Squires
27:21 Padded Archer Armor
28:19 Wheelbarrow
28:17 Leather Archer Armor
29:50 Bow Saw
31:50 Iron Casting
33:41 Ballistics
37:32 Hand Cart
40:22 Imperial Age
38:32 Gold Mining
42:10 Ring Archer Armor
42:48 Chemistry
42:40 Crenellations
43:45 Hoardings
45:03 Two-Handed Swordsman
48:44 Elite Teutonic Knight
51:01 Scale Barding Armor
51:57 Blast Furnace
51:26 Cavalier
52:19 Bloodlines
52:48 Crenellations
M.Zahd
0:32 Loom
12:21 Feudal Age
13:47 Double-Bit Axe
13:49 Horse Collar
17:26 Bloodlines
20:48 Castle Age
19:43 Gold Mining
21:39 Wheelbarrow
22:01 Husbandry
23:15 Scale Barding Armor
27:21 Forging
27:14 Light Cavalry
29:27 Chain Barding Armor
29:43 Iron Casting
29:30 Heavy Plow
30:51 Hand Cart
31:32 Thumb Ring
31:19 Fletching
31:30 Padded Archer Armor
32:33 Gold Shaft Mining
32:37 Bow Saw
33:05 Bodkin Arrow
33:57 Leather Archer Armor
36:19 Ballistics
40:42 Imperial Age
41:06 Cavalier
41:10 Hussar
43:30 Blast Furnace
43:07 Plate Barding Armor
42:21 Paladin
51:29 Heavy Cavalry Archer
52:35 Parthian Tactics
53:36 Bracer
root
0:35 Loom
12:43 Feudal Age
12:50 Man-at-Arms
20:29 Double-Bit Axe
21:39 Horse Collar
dipsh*t
3:40 Loom
10:44 Feudal Age
14:41 Castle Age
13:48 Double-Bit Axe
13:45 Horse Collar
15:44 Bow Saw
22:48 Wheelbarrow
24:01 Heavy Plow
23:55 Gold Mining
25:44 Hand Cart
29:17 Imperial Age
29:22 Forging
29:17 Scale Barding Armor
30:40 Iron Casting
30:45 Conscription
31:26 Bloodlines
31:16 Husbandry
31:38 Chain Barding Armor
30:40 Cavalier
33:01 Chemistry
33:26 Blast Furnace
32:17 Savar
34:50 Plate Barding Armor
35:32 Two-Man Saw
35:05 Crop Rotation
35:58 Caravan
36:11 Light Cavalry
37:56 Scale Mail Armor
39:44 Hussar
48:01 Chain Mail Armor
47:51 Squires
47:11 Pikeman
FinRahZel
5:04 Loom
10:39 Feudal Age
16:44 Castle Age
15:41 Double-Bit Axe
16:16 Fletching
17:40 Bodkin Arrow
18:07 Crossbowman
18:13 Crossbowman
21:33 Padded Archer Armor
22:00 Gold Mining
23:41 Bow Saw
26:25 Thumb Ring
39:49 Imperial Age
43:56 Two-Man Saw
44:06 Bracer
44:19 Arbalester
45:17 Leather Archer Armor
47:11 Onager
8
0:28 Loom
12:09 Feudal Age
16:13 Castle Age
15:39 Double-Bit Axe
21:28 Gold Mining
22:58 Wheelbarrow
23:13 Bow Saw
26:19 Fletching
30:02 Imperial Age
28:00 Crossbowman
30:57 Bodkin Arrow
33:09 Chemistry
32:49 Hand Cart
32:45 Bracer
32:35 Arbalester
34:44 Padded Archer Armor
35:58 Leather Archer Armor
36:43 Thumb Ring
38:44 Town Watch
41:07 Conscription
47:30 Heavy Scorpion
48:29 Heavy Scorpion
Connection lost

Rejoining the realm…

Still unreachable

The connection could not be restored.

Session expired

The server has moved on; the page needs a fresh start.